 Dungeon Crawl Stone Soup version 0.30-a0-389-g8d7d949f56 (webtiles) character file.

Game seed: 4758718336782976398

61827 Conn the Thaumaturge (level 15, -9/86 HPs)
             Began as an Octopode Fire Elementalist on Dec 3, 2022.
             Was a High Priest of Sif Muna.
             Mangled by a harpy simulacrum (14 damage)
             ... in an ice cave.
             The game lasted 01:19:54 (18115 turns).

Conn the Thaumaturge (Octopode Fire Elementalist)  Turns: 18115, Time: 01:19:55

Health: -9/86      AC:  7    Str:  8    XL:     15   Next: 4%
Magic:  18/32      EV: 14    Int: 29    God:    Sif Muna [*****.]
Gold:   892        SH:  0    Dex: 17    Spells: 1/40 levels left

rFire   + . .      SeeInvis .    b - staff of fire
rCold   . . .      Faith    .    (no shield)
rNeg    + . .      Spirit   .    x - +2 hat
rPois   .          Reflect  .    h - amulet of magic regeneration
rElec   .          Harm     .    (no ring)
rCorr   .          Rampage  .    m - ring of willpower
Will    ++...                    p - ring of Autumn {AC+4 Dex+4}
Stlth   ++++......               v - ring of positive energy
HPRegen 0.34/turn                d - ring "Amaim" {Wiz Int+5 Stlth-}
MPRegen 0.63/turn                (no ring)
                                 (no ring)
                                 (no ring)

@: no status effects
A: almost no armour, amphibious, 8 rings, camouflage 1, gelatinous body 1,
(nimble swimmer 1), tentacles
a: Renounce Religion, Channel Magic, Forget Spell, Divine Exegesis


You were in an ice cave.
You worshipped Sif Muna.
Sif Muna was extremely pleased with you.
You visited 4 branches of the dungeon, and saw 21 of its levels.
You visited 1 bazaar.
You also visited: Sewer and Ice Cave.

You collected 1559 gold pieces.
You spent 667 gold pieces at shops.

Inventory:

Hand Weapons
 a - the +4 trident of Descent {venom, rPois rF+ Will+}
   (You found it on level 8 of the Dungeon)

   It poisons the flesh of those it strikes.
   rF:        It protects you from fire.
   rPois:     It protects you from poison.
   Will:      It increases your willpower.
 o - a +4 spectral short sword
 q - the +5 battleaxe of Upheaval {vorpal, rPois Int+2}
   (You bought it in a shop in a bazaar)

   It inflicts extra damage upon your enemies.
   Int:       It affects your intelligence (+2).
   rPois:     It protects you from poison.
 w - the +4 short sword of Internal Strife {elec, rElec Str+9 Stlth-}
   (You bought it in a shop in a bazaar)

   It occasionally discharges a powerful burst of electricity upon striking a
   foe.
   Str:       It affects your strength (+9).
   rElec:     It insulates you from electricity.
   Stlth:     It makes you less stealthy.
Missiles
 t - a curare-tipped dart
 H - 19 boomerangs of dispersal
Armour
 x - a +2 hat (worn)
Magical Staves
 b - a staff of fire (weapon)
Jewellery
 d - the ring "Amaim" (on tentacle) {Wiz Int+5 Stlth-}
   (You acquired it on level 4 of the Dungeon)

   [ring of wizardry]

   It improves your spell success rate.
   Int:       It affects your intelligence (+5).
   Stlth:     It makes you less stealthy.
 e - a ring of fire
 h - an amulet of magic regeneration (around mantle)
 m - a ring of willpower (right tentacle)
 p - the ring of Autumn (on tentacle) {AC+4 Dex+4}
   (You found it on level 2 of the Dungeon)

   [ring of protection]

   AC:        It affects your AC (+4).
   Dex:       It affects your dexterity (+4).
 v - a ring of positive energy (on tentacle)
 I - an amulet of faith
Wands
 l - a wand of paralysis (11)
 u - a wand of iceblast (12)
 z - a wand of acid (6)
 J - a wand of polymorph (4)
 P - a wand of mindburst (23)
 Q - a wand of digging (9)
 R - a wand of flame (22)
Scrolls
 j - 4 scrolls of teleportation
 k - 5 scrolls of vulnerability
 r - a scroll of silence
 s - 3 scrolls of poison
 y - a scroll of torment
 A - 2 scrolls of immolation
 D - 5 scrolls of enchant armour
 E - 5 scrolls of magic mapping
 G - 2 scrolls of noise
 K - 3 scrolls of butterflies
 S - 2 scrolls of identify
Potions
 c - 8 potions of curing
 f - 3 potions of brilliance
 g - 3 potions of might
 i - 4 potions of attraction
 n - 2 potions of magic
 B - 2 potions of haste
 C - 3 potions of cancellation
 F - 4 potions of mutation
 M - 3 potions of invisibility
 N - 4 potions of heal wounds
 O - 2 potions of flight
Miscellaneous
 L - a phial of floods


   Skills:
 + Level 2.3 Fighting
 + Level 1.8 Short Blades
 + Level 1.4 Polearms
 + Level 3.5 Dodging
 + Level 7.0 Stealth
 + Level 13.1 Spellcasting
 * Level 12.5 Conjurations
 + Level 2.9 Hexes
 + Level 5.2 Summonings
 + Level 2.1 Translocations
 + Level 12.4 Fire Magic
 + Level 5.1 Air Magic
 + Level 0.2 Poison Magic
 * Level 10.0 Invocations
 + Level 0.5 Evocations


You had one spell level left.
You knew the following spells:

 Your Spells              Type           Power      Damage    Failure   Level
a - Foxfire               Conj/Fire      100%       2x1d9     0%          1
b - Kindle Blastsparks    Fire/Tloc/Air  100%       2d18      1%          3
c - Inner Flame           Hex/Fire       77%        N/A       1%          3
d - Flame Wave            Conj/Fire      95%        2d20      1%          4
e - Scorch                Fire           100%       2d10      1%          2
f - Summon Lightning Spi  Summ/Air       49%        N/A       1%          4
g - Fireball              Conj/Fire      47%        3d19      1%          5
h - Mephitic Cloud        Conj/Pois/Air  52%        N/A       1%          3
i - Airstrike             Air            24%        2d(4-20)  1%          4
j - Swiftness             Air            48%        N/A       1%          3
k - Blink                 Tloc           62%        N/A       1%          2
l - Arcjolt               Conj/Air       31%        1d41      1%          5

Your spell library contained the following spells:

 Spells                   Type           Power      Damage    Failure   Level
 Beastly Appendage        Tmut           38%        N/A       1%          1
 Shock                    Conj/Air       100%       1d9       1%          1
 Cigotuvi's Dreadful Rot  Necr/Pois/Air  58%        N/A       1%          2
 Ensorcelled Hibernation  Hex/Ice        54%        N/A       1%          2
 Momentum Strike          Conj/Tloc      100%       3d10      1%          2
 Poisonous Vapours        Pois/Air       68%        N/A       1%          2
 Static Discharge         Conj/Air       100%       2-7/arc   1%          2
 Wereblood                Tmut           19%        N/A       1%          2
 Lesser Beckoning         Tloc           62%        N/A       1%          3
 Portal Projectile        Hex/Tloc       66%        N/A       1%          3
 Tukima's Dance           Hex            36%        N/A       1%          3
 Starburst                Conj/Fire      47%        6d13      1%          6
 Freezing Cloud           Conj/Ice/Air   26%        6-21      2%          5
 Spider Form              Tmut/Pois      19%        N/A       3%          3
 Conjure Ball Lightning   Conj/Air       31%        3x3d10    4%          6
 Anguish                  Hex/Necr       13%        N/A       6%          4
 Blade Hands              Tmut           9%         N/A       28%         5
 Storm Form               Tmut/Air       16%        N/A       95%         7
 Maxwell's Capacitive Co  Air            24%        ∞         100%        8


Dungeon Overview and Level Annotations

Branches:
Dungeon (14/15)            Temple (1/1) D:6            Lair (5/5) D:8
  Swamp (0/4) Lair:3        Snake (0/4) Lair:2        Slime (0/5) Lair:5
    Orc (1/2) D:11          Sewer (visited)           IceCv (1/1)
 Vaults: D:13-14

Altars:
Ashenzari
Cheibriados
Dithmenos
Elyvilon
Fedhas
Gozag
Hepliaklqana
Kikubaaqudgha
Makhleb
Nemelex Xobeh
Okawaru
Qazlal
Ru
Sif Muna
Trog
Uskayaw
Vehumet
Wu Jian
Xom
Yredelemnul
Zin
The Shining One
Jiyva

Shops:
D:8 :   Orc:1 [

Annotations:
D:14 1 runed translucent door


Innate Abilities, Weirdness & Mutations

You cannot wear most types of armour.
You are amphibious.
You can wear up to eight rings at the same time.
Your skin changes colour to match your surroundings (Stealth+).
Your rubbery body absorbs attacks. (AC +1, EV +1)
((You are camouflaged when in or above water. (Stealth+)))
You have tentacles for arms and can constrict up to eight enemies at once.


Message History

Aiming: Fireball (safe; 1% risk of failure)
Press: ? - help, Shift-Dir - straight line, f - dire elephant simulacrum
Aim: a dire elephant simulacrum (wandering, hasn't noticed you)
You feel a surge of power!
The fireball explodes!
The fireball engulfs the dire elephant simulacrum!!!
The dire elephant simulacrum melts!
The dire elephant simulacrum is almost destroyed.
Casting: Fireball (safe; 1% risk of failure)
Confirm with . or Enter, or press ? or * to list all spells.
Casting: Flame Wave (safe; 1% risk of failure)
Press: ? - help, Dir - look around, f - activate You feel a surge of power!
A wave of flame ripples out!
The flame wave engulfs the dire elephant simulacrum!!!
The dire elephant simulacrum melts!
The dire elephant simulacrum vaporises!
Sif Muna accepts your kill.
You hear a sizzling sound! (Press . to intensify the flame waves.)
You open the door.
A harpy simulacrum comes into view.
The harpy simulacrum claws you! The harpy simulacrum freezes you!
The harpy simulacrum claws you! The harpy simulacrum freezes you!!
Casting: Flame Wave (safe; 1% risk of failure)
Confirm with . or Enter, or press ? or * to list all spells.
Casting: Flame Wave (safe; 1% risk of failure)
Press: ? - help, Dir - look around, f - activate You feel a surge of power!
A wave of flame ripples out!
The flame wave engulfs the harpy simulacrum!
The harpy simulacrum melts!
The harpy simulacrum is severely damaged. (Press . to intensify the flame waves.)
The harpy simulacrum closely misses you.
The harpy simulacrum barely misses you. The harpy simulacrum claws you!
* * * LOW HITPOINT WARNING * * *
The harpy simulacrum freezes you!
* * * LOW HITPOINT WARNING * * *
The harpy simulacrum claws you.
* * * LOW HITPOINT WARNING * * *
The harpy simulacrum freezes you!
You die...

####...#.#.#.#.#.#.##
#.⌠#.###'#'#.#'#'#.8######
#..'.#.'.........#.......#
########.8.8.8.8.#.#####.#
..#..............#.#
..'..............'.#
..#..............#.#
########.8.8.8.8.#.# #4?+
#.'........@#.. #.⌠#
###'#'#.#'#Z#.8# ####
#.#.#.#.#.#.## .#
#####+#####.# ## +.#


You could see a harpy simulacrum.

Vanquished Creatures
  Kirke (Lair:4)
  Erolcha (D:11)
  2 hydras
  6 two-headed ogres
  8 death yaks
  A tengu warrior (D:11)
  Amaemon (D:8)
  A lindwurm (Lair:2)
  2 deep elf pyromancers (D:12)
  3 cyclopes
  4 black mambas
  2 ice statues (IceCv)
  Joseph (Lair:1)
  An orange demon (D:8)
  11 cane toads
  A gargoyle (D:12)
  An unseen horror zombie (D:8)
  A torpor snail (Lair:1)
  4 rime drakes
  A tengu conjurer (D:11)
  19 komodo dragons
  5 ice devils (IceCv)
  2 trolls
  An anaconda simulacrum (IceCv)
  11 polar bears
  5 hornets (Lair:5)
  12 blink frogs (Lair:5)
  5 dream sheep (Lair:5)
  5 slime creatures
  Sigmund (D:6)
  14 spriggans (Lair:5)
  46 yaks
  4 wraiths
  4 wyverns
  4 dire elephant simulacra (IceCv)
  3 basilisks
  A human (Lair:4)
  5 hogs (Lair:4)
  A steam dragon (D:10)
  2 harpy simulacra (IceCv)
  3 vampire mosquitoes (D:10)
  3 wargs
  Menkaure (D:4)
  4 nagas (Lair:2)
  2 hydra simulacra (IceCv)
  15 water moccasins
  A hornet zombie (D:8)
  5 orc warriors
  Pargi (Sewer)
  5 black bears (Lair:5)
  2 ogres
  29 wolves
  4 boggarts (Lair:5)
  A phantom (D:5)
  2 centaurs
  4 kobold brigands
  15 bullfrogs
  A necrophage (D:5)
  A two-headed ogre simulacrum (IceCv)
  A gnoll sergeant (D:12)
  3 cane toad simulacra (Orc:1)
  3 scorpions
  4 wights (D:9)
  9 killer bees
  2 elephant simulacra
  2 electric eels
  3 centaur zombies (D:8)
  2 hounds
  12 orc priests
  Crazy Yiuf (D:4)
  A gnoll bouda (D:7)
  2 iguanas
  9 orc wizards
  4 hell rats (Lair:2)
  3 polar bear simulacra
  2 spriggan simulacra (Orc:1)
  A troll simulacrum (IceCv)
  4 howler monkey zombies (D:8)
  16 gnolls
  A naga simulacrum (Orc:1)
  13 adders
  A river rat (D:5)
  A shadow imp (D:6)
  An ufetubus (D:7)
  4 worms
  4 dart slugs
  29 orcs
  12 bats
  3 endoplasms
  4 giant cockroaches
  9 goblins
  8 hobgoblins
  4 jackals (D:4)
  21 kobolds
  3 quokkas
  12 ball pythons
  8 frilled lizards
  4 rats
528 creatures vanquished.

Vanquished Creatures (collateral kills)
  A death yak (Lair:4)
  3 yaks (Lair:4)
  A gnoll sergeant (D:9)
  An orc wizard (D:8)
  An orc (D:8)
  8 foxfires
15 creatures vanquished.

Vanquished Creatures (others)
  1320 foxfires
  33 fungi
  68 plants
1421 creatures vanquished.

Grand Total: 1964 creatures vanquished

Notes
Turn   | Place    | Note
-------+----------+-------------------------------------------
     0 | D:1      | Conn the Octopode Fire Elementalist began the quest for the
                  | Orb.
     0 | D:1      | Reached XP level 1. HP: 11/11 MP: 3/3
   326 | D:1      | Reached XP level 2. HP: 17/17 MP: 3/5
   521 | D:1      | Reached XP level 3. HP: 21/21 MP: 4/6
   867 | D:2      | Learned a level 2 spell: Scorch
   871 | D:2      | Learned a level 3 spell: Kindle Blastsparks
   952 | D:2      | Identified the ring of Autumn {AC+4 Dex+4}
  1031 | D:2      | Reached XP level 4. HP: 22/27 MP: 4/7
  1655 | D:3      | Reached skill level 1 in Short Blades
  1655 | D:3      | Reached XP level 5. HP: 31/31 MP: 6/9
  2094 | D:3      | Reached skill level 3 in Spellcasting
  2309 | D:3      | Found a faded altar of an unknown god.
  2457 | D:4      | Reached XP level 6. HP: 36/36 MP: 11/11
  2526 | D:4      | Found a runed translucent door.
  2527 | D:4      | Noticed Crazy Yiuf
  2530 | D:4      | Identified a scroll of acquirement
  2530 | D:4      | Acquired the ring "Amaim" {Wiz Int+5 Stlth-}
  2537 | D:4      | Learned a level 3 spell: Inner Flame
  2598 | D:4      | Noticed Menkaure
  2609 | D:4      | Killed Menkaure
  2610 | D:4      | Reached skill level 4 in Spellcasting
  2719 | D:4      | Found a stormy altar of Qazlal.
  2961 | D:4      | Killed Crazy Yiuf
  3024 | D:5      | Entered Level 5 of the Dungeon
  3056 | D:5      | Learned a level 4 spell: Flame Wave
  3124 | D:5      | Reached skill level 5 in Fire Magic
  3124 | D:5      | Reached XP level 7. HP: 41/41 MP: 10/13
  3370 | D:5      | Reached skill level 5 in Spellcasting
  3468 | D:5      | Found a glowing drain.
  3485 | Sewer    | Entered a sewer
  3509 | Sewer    | Noticed Pargi
  3522 | Sewer    | Killed Pargi
  3523 | Sewer    | Reached XP level 8. HP: 46/46 MP: 12/15
  3832 | D:6      | Reached skill level 5 in Stealth
  3898 | D:6      | Found a staircase to the Ecumenical Temple.
  3907 | Temple   | Entered the Ecumenical Temple
  4227 | D:6      | Noticed Sigmund
  4235 | D:6      | Learned a level 4 spell: Summon Lightning Spire
  4239 | D:6      | Killed Sigmund
  4308 | D:6      | Found a blossoming altar of Fedhas.
  4393 | D:7      | Reached skill level 1 in Air Magic
  4560 | D:7      | Found a snail-covered altar of Cheibriados.
  4641 | D:7      | Reached skill level 5 in Conjurations
  4641 | D:7      | Reached skill level 1 in Summonings
  4669 | D:7      | Reached skill level 6 in Spellcasting
  4669 | D:7      | Reached XP level 9. HP: 50/51 MP: 8/18
  4827 | D:7      | Found a hide-covered altar of Uskayaw.
  4912 | D:8      | Noticed an orange demon
  4914 | D:8      | Noticed Amaemon
  4916 | D:8      | Killed an orange demon
  4917 | D:8      | Killed Amaemon
  4947 | D:8      | Found Ycoemi's Vocational Training.
  4995 | D:8      | Identified the +4 trident of Descent {venom, rPois rF+
                  | Will+}
  5089 | D:8      | Found a staircase to the Lair.
  5102 | D:8      | Reached XP level 10. HP: 57/57 MP: 5/20
  5234 | D:8      | Found a shimmering blue altar of Sif Muna.
  5260 | D:8      | Became a worshipper of Sif Muna the Loreminder
  5382 | D:8      | Found a basalt altar of Yredelemnul.
  5385 | D:8      | Reached skill level 7 in Spellcasting
  5385 | D:8      | Reached skill level 1 in Hexes
  5509 | D:8      | Learned a level 5 spell: Fireball
  6065 | D:9      | Found a sacrificial altar of Ru.
  6069 | D:9      | Reached skill level 1 in Invocations
  6154 | D:9      | Noticed a two-headed ogre
  6162 | D:9      | Killed a two-headed ogre
  6267 | D:9      | Reached * piety under Sif Muna
  6334 | D:9      | Reached skill level 5 in Summonings
  6357 | D:9      | Reached skill level 1 in Fighting
  6496 | D:9      | Reached skill level 8 in Spellcasting
  6749 | D:9      | Reached XP level 11. HP: 63/63 MP: 18/23
  6923 | D:10     | Entered Level 10 of the Dungeon
  6984 | D:10     | Reached skill level 1 in Polearms
  7675 | D:10     | Reached ** piety under Sif Muna
  7715 | D:10     | Found an ancient bone altar of Kikubaaqudgha.
  8218 | D:11     | Noticed a cyclops
  8227 | D:11     | Killed a cyclops
  8229 | D:11     | You fall into a shaft and drop 3 floors!
  8239 | D:14     | Noticed a fire dragon
  8240 | D:14     | Noticed a brown ugly thing
  8246 | D:14     | Noticed a brown ugly thing
  8253 | D:14     | Noticed an eight-headed hydra
  8255 | D:14     | Noticed a brown ugly thing
  8301 | D:13     | Noticed a rakshasa
  8398 | D:14     | Noticed a centaur warrior
  8398 | D:14     | Noticed a six-headed hydra
  8398 | D:14     | Noticed a cyclops
  8399 | D:14     | Found a runed translucent door.
  8399 | D:14     | Noticed a tengu warrior
  8471 | D:12     | Found a flickering gateway to a bazaar.
  8480 | D:12     | Noticed a two-headed ogre
  8523 | D:12     | Noticed a cyclops
  8617 | Bazaar   | Entered a bazaar
  8624 | Bazaar   | Found Ateituvvio's Antique Armour Shop.
  8656 | Bazaar   | Found Sode's Weapon Shop.
  8670 | Bazaar   | Found Gocseben's Antique Weapon Boutique.
  8698 | Bazaar   | Found Koamocw's Magic Scroll Boutique.
  8712 | Bazaar   | Found Miephoaj's Antique Weapon Shop.
  8752 | Bazaar   | Bought a crude battleaxe for 218 gold pieces
  8752 | Bazaar   | Identified the +5 battleaxe of Upheaval {vorpal, rPois
                  | Int+2} (You bought it in a shop in a bazaar)
  8752 | Bazaar   | Bought a dazzling short sword for 152 gold pieces
  8752 | Bazaar   | Identified the +4 short sword of Internal Strife {elec,
                  | rElec Str+9 Stlth-} (You bought it in a shop in a bazaar)
  8839 | Bazaar   | Bought a hat for 136 gold pieces
  8907 | Bazaar   | Bought a scroll of blinking for 105 gold pieces
  8907 | Bazaar   | Bought a scroll of fear for 56 gold pieces
  9116 | D:12     | Reached skill level 9 in Spellcasting
  9184 | D:12     | Killed a two-headed ogre
  9252 | D:12     | Identified the +2 robe "Osipa" {rF+}
  9274 | D:12     | Noticed a two-headed ogre
  9286 | D:12     | Killed a two-headed ogre
  9318 | D:12     | Noticed a two-headed ogre
  9332 | D:12     | Killed a two-headed ogre
  9333 | D:12     | Reached XP level 12. HP: 69/70 MP: 15/25
  9342 | D:12     | Reached skill level 1 in Translocations
  9399 | D:12     | Reached skill level 5 in Invocations
  9478 | D:12     | Noticed a two-headed ogre
  9512 | D:12     | Killed a two-headed ogre
  9841 | D:11     | Noticed a tengu warrior
  9858 | D:11     | Found a staircase to the Orcish Mines.
  9884 | D:11     | Noticed Erolcha
  9892 | D:11     | Killed Erolcha
 10147 | D:11     | Killed a tengu warrior
 10309 | D:11     | Noticed a two-headed ogre
 10319 | D:11     | Killed a two-headed ogre
 10319 | D:11     | Reached *** piety under Sif Muna
 10320 | D:11     | Reached skill level 10 in Spellcasting
 10320 | D:11     | Reached skill level 10 in Fire Magic
 10600 | Lair:1   | Entered Level 1 of the Lair of Beasts
 10606 | Lair:1   | Noticed Joseph
 10617 | Lair:1   | Killed Joseph
 10902 | Lair:1   | Found a hide-covered altar of Uskayaw.
 11678 | Lair:2   | Reached XP level 13. HP: 45/74 MP: 16/27
 11830 | Lair:2   | Reached **** piety under Sif Muna
 11837 | Lair:2   | Reached skill level 10 in Conjurations
 11988 | Lair:2   | Reached skill level 11 in Spellcasting
 12368 | Lair:2   | Found a staircase to the Snake Pit.
 13012 | Lair:3   | Reached ***** piety under Sif Muna
 13051 | Lair:3   | Found a staircase to the Swamp.
 14009 | Lair:4   | Received a gift from Sif Muna
 14010 | Lair:4   | Reached XP level 14. HP: 48/81 MP: 12/29
 14012 | Lair:4   | Reached skill level 5 in Air Magic
 14016 | Lair:4   | Reached skill level 12 in Spellcasting
 14017 | Lair:4   | Got Sif Muna's Quarto of the Brume {god gift}
 14023 | Lair:4   | Learned a level 3 spell: Mephitic Cloud
 14028 | Lair:4   | Learned a level 4 spell: Airstrike
 14032 | Lair:4   | Learned a level 3 spell: Swiftness
 14196 | Lair:4   | Noticed Kirke
 14210 | Lair:4   | Killed Kirke
 14427 | Lair:4   | Found a bloodstained altar of Trog.
 15069 | Lair:5   | Entered Level 5 of the Lair of Beasts
 15097 | Lair:5   | Found a viscous altar of Jiyva.
 15098 | Lair:5   | Found a staircase to the Slime Pits.
 15588 | Lair:5   | Found a bloodstained altar of Trog.
 17277 | Orc:1    | Entered Level 1 of the Orcish Mines
 17277 | Orc:1    | Found a frozen archway.
 17279 | Orc:1    | Received a gift from Sif Muna
 17289 | Orc:1    | Reached skill level 13 in Spellcasting
 17293 | Orc:1    | Learned a level 2 spell: Blink
 17299 | Orc:1    | Learned a level 5 spell: Arcjolt
 17306 | Orc:1    | Found Gopyal's Armour Emporium.
 17558 | IceCv    | Entered an ice cave
 17577 | IceCv    | Reached skill level 10 in Invocations
 17969 | IceCv    | Reached XP level 15. HP: 64/85 MP: 22/32
 18115 | IceCv    | Mangled by a harpy simulacrum

Illustrated notes

Levels and vault maps discovered:
D:1:      dpeg_arrival_pits, layout_basic
D:2:      layout_loops_cross, kennysheep_donut, minmay_tetromino_i2
D:3:      layout_loops_corners, shapermc_ecumenical_altar_hornbeckon
D:4:      layout_rooms, nicolae_qazlal_eye_of_the_storm,
          uniq_crazy_yiuf_cottage, uniq_menkaure
D:5:      layout_basic, portal_sewer_entry_a, minmay_misc_feat_doors
D:6:      layout_rooms, fedhas_altar_4, minmay_temple_entry_tees,
          kennysheep_cross_bottleneck, uniq_sigmund
D:7:      layout_gridville, nicolae_uskayaw_suspiria, cheibrodos_worm_habitat,
          minmay_unpleasant_kobolds
D:8:      layout_cave_pods, amcnicky_altar_gilded,
          nicolae_yredelemnul_corpse_copse, erik_lair_orcish_takeover,
          nicolae_shop_vocational, uniq_amaemon
D:9:      layout_roguey, mainiacjoe_overflow_24_doors, minmay_misc_feat_pillars,
          minivault_25
D:10:     layout_loops_corners, lemuel_coloured_pillars_altar
D:11:     layout_irregular_city, minmay_orc_entry_temple_small, uniq_erolcha
D:12:     layout_small_grid, serial_glass, glass_columns_a, glass_columns_a,
          item_on_display_a, serial_shops, bzr_entry_water
D:13:     layout_irregular_city, serial_shops, shop,
          hangedman_abyss_or_decor_jellyfish_corner, drop_trap, uniq_azrael
D:14:     layout_irregular_city, skrybe_vaults_entry_preservation,
          amcnicky_mini_pool_small, minmay_st_funbox, minmay_misc_feat_rows,
          laboratory
Temple:   zaba_magenta_temple
Lair:1:   layout_chaotic_city, serial_bayou, serial_bayou_shore_b,
          serial_bayou_pond_a, serial_bayou_pond_d, serial_bayou_lagoon_b,
          basic_altar, st_stairs_9, roderic_batcave, beast_lair_carwin_8,
          uniq_joseph
Lair:2:   layout_misc_corridors, minmay_snake_entry_guardpost_small,
          cheibrodos_lair_lostbears
Lair:3:   layout_regular_city, swamp_mist, lemuel_old_faithful,
          serial_bayou_shore_b
Lair:4:   layout_regular_city, basic_altar, st_stairs_13, lemuel_fruit_tree,
          uniq_kirke
Lair:5:   minmay_lair_end_enchanted_forest, layout_cave_pods,
          dpeg_slime_entry_corner, basic_altar, gammafunk_lair_bear_cave
Orc:1:    layout_caves, portal_ice_cave_entry_ice_simulacra, serial_shops,
          nicolae_shop_hallway_stairs
IceCv:    ice_cave_tombish

Skill      XL: |  1  2  3  4  5  6  7  8  9 10 11 12 13 14 |
---------------+-------------------------------------------+-----
Stealth        | 3 4 6 7 |  7.0
Conjurations   | 2 3 5 6 7 8 9 11 12 | 12.5
Fire Magic     | 4 5 6 7 8 9 10 11 12 | 12.4
Short Blades   | 1 |  1.8
Spellcasting   | 3 4 5 6 8 9 10 11 13 | 13.1
Air Magic      | 1 3 4 5 |  5.1
Summonings     | 1 4 5 |  5.2
Hexes          | 1 2 |  2.9
Invocations    | 2 4 6 8 10 | 10.0
Fighting       | 1 2 |  2.3
Polearms       | 1 |  1.4
Translocations | 1 2 |  2.1
Dodging        | 3 |  3.5
Poison Magic   | |  0.2
Evocations     | |  0.5

Action                   |  1- 3 |  4- 6 |  7- 9 | 10-12 | 13-15 || total
-------------------------+-------+-------+-------+-------+-------++-------
Melee: Tentacles         |     6 |     3 |     1 |     4 |     5 ||    19
       Constrict         |     5 |     6 |     1 |     5 |     6 ||    23
       Unarmed           |     2 |       |       |       |       ||     2
       Short sword       |    11 |    23 |    11 |       |       ||    45
       Trident           |       |       |       |    16 |    20 ||    36
 Cast: Foxfire           |    59 |    98 |   129 |   184 |   291 ||   761
       Scorch            |       |     8 |    16 |    72 |    64 ||   160
       Flame Wave        |       |       |     6 |    36 |    58 ||   100
       Inner Flame       |       |       |     2 |    18 |     7 ||    27
       Summon Lightning  |       |       |     2 |     4 |     4 ||    10
       Kindle Blastspark |       |       |       |    26 |     6 ||    32
       Fireball          |       |       |       |    13 |    75 ||    88
       Mephitic Cloud    |       |       |       |       |     5 ||     5
Invok: Channel Magic     |       |       |       |       |     2 ||     2
Evoke: Wand              |       |     1 |     2 |     1 |     1 ||     5
       Phial of floods   |       |       |       |     1 |       ||     1
  Use: Scroll            |       |     1 |    18 |    16 |     5 ||    40
       Potion            |       |       |       |       |     3 ||     3
 Stab: Sleeping          |     2 |     5 |     3 |       |       ||    10
Armor: Skin              |     3 |     5 |     5 |    21 |    40 ||    74
Dodge: Dodged            |    14 |    11 |    20 |    58 |    80 ||   183

Table legend: (Time is in decaauts)
 A = Elapsed time spent in this place.
 B = Non-inter-level travel time spent in this place.
 C = Inter-level travel time spent in this place.
 D = Time resting spent in this place.
 E = Time spent auto-exploring this place.
 F = Levels seen in this place.
 G = Mean time per level.
                   A        B        C        D        E       F      G
               +--------+--------+--------+--------+--------+-----+--------+
         Total |  18139 |  17379 |    760 |   1004 |  10592 |  24 |  755.8 |
       Dungeon |  10166 |   9648 |    518 |    445 |   6006 |  14 |  726.1 |
        Temple |     88 |     88 |      0 |      0 |     24 |   1 |   88.0 |
          Lair |   6496 |   6254 |    242 |    375 |   4177 |   5 | 1299.2 |
  Orcish Mines |    280 |    280 |      0 |      0 |    103 |   1 |  280.0 |
        Bazaar |    327 |    327 |      0 |      0 |      0 |   1 |  327.0 |
         Sewer |    222 |    222 |      0 |      0 |    103 |   1 |  222.0 |
      Ice Cave |    556 |    556 |      0 |    184 |    179 |   1 |  556.0 |
               +--------+--------+--------+--------+--------+-----+--------+

Top non-repeatable levels by time:
  Lair:5: 2022 daAuts
     D:8: 1284 daAuts
  Lair:1: 1160 daAuts
    D:10: 1146 daAuts
  Lair:3: 1131 daAuts
  Lair:4: 1118 daAuts
  Lair:2: 1064 daAuts
    D:12: 1044 daAuts
     D:9: 935 daAuts
    D:11: 920 daAuts
     D:3: 876 daAuts
     D:1: 818 daAuts
     D:4: 677 daAuts
     D:2: 647 daAuts
   IceCv: 556 daAuts
